 Dungeon Crawl Stone Soup version 0.22-a0-305-gd21a89c (webtiles) character file.

63144 4thArraOfDagon the Carver (level 14, -16/110 HPs)
             Began as a Demigod Necromancer on Mar 27, 2018.
             Killed from afar by a deep elf mage (23 damage)
             ... with a bolt of fire
             ... on level 2 of the Elven Halls on Mar 29, 2018.
             The game lasted 01:18:30 (13042 turns).

4thArraOfDagon the Carver (Demigod Necromancer)    Turns: 13042, Time: 01:18:31

Health: -16/110    AC: 19    Str: 11    XL:     14   Next: 29%
Magic:  14/28      EV: 15    Int: 34    God:
Gold:   1570       SH:  6    Dex: 14    Spells: 13/27 levels left

rFire    . . .     SeeInvis .   X - +2 demon blade (elec)
rCold    + + +     Gourm    .   J - +1 buckler of a wizard's laboratory {rC+++ Int+4 Dex-5}
rNeg     . . .     Faith    .   P - +3 troll leather armour
rPois    .         Spirit   .   U - +1 helmet
rElec    .         Reflect  .   Y - scarf {cloud immunity}
rCorr    .         Harm     .   V - +3 pair of gauntlets of War {Slay+5}
MR       +....                  j - +2 pair of boots
Stlth    ++........             (no amulet)
HPRegen  1.68/turn              r - +3 ring of intelligence
MPRegen  0.21/turn              E - +3 ring of dexterity

@: regenerating
A: high mp 1
a: no special abilities


You were on level 2 of the Elven Halls.
You were not hungry.

You visited 3 branches of the dungeon, and saw 19 of its levels.
You also visited: Labyrinth, Ossuary and Desolation.

You collected 1570 gold pieces.

Inventory:

Hand Weapons
 s - a +2 dagger of electrocution
 x - a +5 vampiric scimitar
 C - a +4 blowgun
 H - the +6 spear of the Vanishing Friends {flame, Int+3}
   (You found it on level 8 of the Dungeon)

   It has been specially enchanted to burn those struck by it, causing extra
   injury to most foes and up to half again as much damage against particularly
   susceptible opponents.
   It affects your intelligence (+3).
 X - a +2 demon blade of electrocution (weapon)
Missiles
 Z - 8 curare-tipped needles
Armour
 a - a +0 robe
 i - the +1 cloak "Leloutokh" {rPois MR- SInv}
   (You found it on level 5 of the Dungeon)

   It protects you from poison.
   It affects your resistance to hostile enchantments.
   It lets you see invisible.
 j - a +2 pair of boots (worn)
 w - the +9 plate armour of Relativism {rC+ Str+3 Dex+3 Stlth-}
   (You found it in a labyrinth)

   It affects your strength (+3).
   It affects your dexterity (+3).
   It protects you from cold.
   It makes you less stealthy.
 z - a +1 helmet
 G - a +1 ring mail of fire resistance
 J - the +1 buckler of a wizard's laboratory (worn) {rC+++ Int+4 Dex-5}
   (You found it on level 9 of the Dungeon)

   It affects your intelligence (+4).
   It affects your dexterity (-5).
   It renders you almost immune to cold.
 P - a +3 troll leather armour (worn)
 S - the +0 robe of the Forest {Int+7}
   (You found it on level 13 of the Dungeon)

   It affects your intelligence (+7).
 T - a +0 cloak
 U - a +1 helmet (worn)
 V - the +3 pair of gauntlets of War (worn) {Slay+5}
   (You found it on level 13 of the Dungeon)

   It affects your accuracy and damage with ranged weapons and melee attacks
   (+5).
 W - a +1 hat
 Y - a scarf of cloud immunity (worn)
Jewellery
 g - an uncursed ring of positive energy
 r - a +3 ring of intelligence (left hand)
 y - an uncursed ring of ice
 E - a +3 ring of dexterity (right hand)
 M - an uncursed ring of positive energy
 N - an uncursed ring of flight
Wands
 h - a wand of clouds (1)
 u - a wand of enslavement (14)
 A - a wand of flame (71)
 F - a wand of paralysis (46)
Scrolls
 e - 2 scrolls of immolation
 f - 3 scrolls of teleportation
 k - 7 scrolls of remove curse
 l - a scroll of holy word {unknown}
 q - 3 scrolls of magic mapping
 v - 3 scrolls of fog
 D - a scroll of blinking
 I - 2 scrolls of amnesia
 R - 2 scrolls of fear
Potions
 b - a potion of magic
 d - 3 potions of brilliance
 m - 3 potions of flight
 o - 2 potions of agility
 p - 2 potions of curing
 t - 2 potions of haste
 K - a potion of ambrosia
 O - a potion of might
 Q - a potion of cancellation
Miscellaneous
 n - a fan of gales
 L - a lightning rod (4/4)
Comestibles
 c - 22 rations


   Skills:
 - Level 6.0 Fighting
 * Level 13.1 Long Blades
 + Level 10.4 Armour
 - Level 6.0 Dodging
 - Level 1.7 Stealth
 - Level 4.0 Shields
 - Level 9.0 Unarmed Combat
 - Level 7.0 Spellcasting
 - Level 8.5 Necromancy
 - Level 5.0 Evocations


You had 13 spell levels left.
You knew the following spells:

 Your Spells              Type           Power        Failure   Level  Hunger
a - Pain                  Necr           ####         1%          1    None
b - Vampiric Draining     Necr           ######....   1%          3    None
c - Regeneration          Chrm/Necr      #####.....   2%          3    None
d - Animate Skeleton      Necr           N/A          1%          1    None
e - Sublimation of Blood  Necr           ######....   1%          2    None
f - Animate Dead          Necr           N/A          1%          4    #......


Dungeon Overview and Level Annotations

Branches:
Dungeon (15/15)            Temple (0/1) D:6             Orc (2/2) D:10
    Elf (2/3) Orc:2
   Lair: D:8-11      Vaults: D:13-14     Depths: D:15

Shops:
D:2 *   Orc:2 %=(%   Elf:1 ?

Annotations:
D:3 medis's ghost, amateur HaSk
D:13 Rupert


Innate Abilities, Weirdness & Mutations

You have an increased reservoir of magic. (+10% MP)


Message History

Unknown command.
Unknown command.
Your deep elf knight zombie hits the ice beast with a scimitar!
The ice beast hits your deep elf knight zombie.
The ice beast freezes your deep elf knight zombie.
Your deep elf knight zombie resists.
Unknown command.
Unknown command.
Your deep elf knight zombie closely misses the ice beast.
The ice beast hits your deep elf knight zombie.
The ice beast freezes your deep elf knight zombie.
Your deep elf knight zombie resists.
Unknown command.
Unknown command.
Casting: Regeneration (safe; 2% risk of failure)
Confirm with . or Enter, or press ? or * to list all spells.
Your skin crawls.
The deep elf mage gestures at you while chanting.
The bolt of fire hits you!
You die...

#.# ###.######.#
#Z#######..........#
#.?.Z).......#######
######.###...#
#e#...#..#
#Y#eY.#..#
#Z#)..#..#
##e###.#.# ##@.....#
########


You could see a deep elf mage, 2 ice beasts and a friendly deep elf knight
zombie.

Vanquished Creatures
  An orc warlord (D:13)
  A minotaur (Lab)
  4 peacekeepers
  Erolcha (D:9)
  4 servants of whispers (Desolation)
  A centaur warrior (D:14)
  7 two-headed ogres
  3 dancing weapons
  Urug (D:13)
  A tengu warrior (D:14)
  Sonja (Orc:2)
  3 deep elf knights (Elf:2)
  A flayed ghost (D:15)
  Pikel (D:7)
  2 deep elf archers (Elf:1)
  An orc knight (Orc:1)
  A necromancer (D:15)
  16 deep elf magi
  8 ugly things (D:14)
  2 cyclopes
  A manticore (D:15)
  11 orc sorcerers
  A wolf spider zombie (D:15)
  A centaur zombie (D:10)
  Maurice (D:13)
  A guardian serpent (Desolation)
  A molten gargoyle (Desolation)
  A gargoyle (D:14)
  A redback zombie (D:15)
  2 acid dragons
  2 meliai (D:15)
  A queen bee (D:9)
  A harpy zombie (D:15)
  2 hornets
  14 saltlings (Desolation)
  6 trolls
  2 hippogriffs
  2 centaur simulacra (D:13)
  6 redbacks (D:12)
  Eustachio (D:6)
  A vampire (D:14)
  A water elemental (D:13)
  3 wraiths
  3 fire elementals
  A basilisk (D:14)
  A hungry ghost (D:8)
  6 vampire mosquitoes (D:15)
  8 wargs
  Menkaure (D:5)
  Edmund (D:5)
  2 two-headed ogre zombies (D:10)
  29 orc warriors
  A water moccasin (D:10)
  2 black bears (D:9)
  2 sky beasts
  4 ice beasts
  3 phantoms
  6 ogres
  A necrophage (D:14)
  A wolf (D:13)
  5 centaurs
  A big kobold (D:10)
  5 bullfrogs
  A gnoll sergeant (D:9)
  An earth elemental (Elf:2)
  2 troll zombies (D:10)
  3 scorpions
  19 killer bees
  2 howler monkeys (D:6)
  10 wights
  6 crimson imps
  3 jellies
  A quasit (D:13)
  3 centaur skeletons
  3 hounds
  10 orc priests
  38 orc wizards
  2 iguanas
  8 worker ants
  A killer bee zombie (D:9)
  A big kobold zombie (Ossuary)
  3 ogre zombies (D:10)
  A hound skeleton (D:7)
  8 mummies (Ossuary)
  A howler monkey zombie (D:11)
  A worker ant zombie (D:5)
  9 gnolls
  4 adders
  A white imp (D:13)
  An ufetubus (D:13)
  A worm (D:2)
  A dart slug (D:1)
  4 leopard geckos
  61 orcs
  12 bats
  6 giant cockroaches
  7 goblins
  5 hobgoblins
  A jackal (D:6)
  3 quokkas
  A frilled lizard (D:1)
  2 gnoll zombies (Ossuary)
  2 goblin zombies (D:10)
  2 hobgoblin skeletons (D:10)
  7 hobgoblin zombies
  9 kobolds
  A kobold zombie (Ossuary)
  4 orc skeletons (D:10)
  12 orc zombies
  2 rats
  A rat zombie (D:5)
493 creatures vanquished.

Vanquished Creatures (collateral kills)
  Snorg (D:12)
  A servant of whispers (Desolation)
  A two-headed ogre (D:13)
  An ogre mage (Orc:2)
  Erica (D:9)
  2 ugly things (D:14)
  A cyclops (D:12)
  A molten gargoyle (Desolation)
  A kobold demonologist (D:12)
  A hornet (D:13)
  2 saltlings (Desolation)
  A hippogriff (D:13)
  2 redbacks (D:12)
  A wraith (D:13)
  2 water moccasins
  A black bear (D:13)
  An eye of draining (D:13)
  An ogre (D:10)
  4 centaurs (D:11)
  2 bullfrogs
  A gnoll sergeant (D:9)
  6 killer bees
  4 wights (D:12)
  A crimson imp (D:11)
  A bullfrog zombie (D:7)
  A hound (D:12)
  4 orc wizards
  An ogre zombie (D:10)
  5 gnolls
  4 orcs
  A ball python (D:6)
  3 jackals (D:6)
  A quokka (D:6)
  A hobgoblin zombie (D:10)
62 creatures vanquished.

Vanquished Creatures (others)
  A meliai (D:15)
  4 killer bees (D:9)
  2 orc wizards
7 creatures vanquished.

Grand Total: 562 creatures vanquished

Notes
Turn   | Place    | Note
-------+----------+-------------------------------------------
     0 | D:1      | 4thArraOfDagon the Demigod Necromancer began the quest for the Orb.
     0 | D:1      | Reached XP level 1. HP: 14/14 MP: 5/5
    94 | D:1      | Reached XP level 2. HP: 12/20 MP: 2/7
   373 | D:2      | Found an opulent altar of Gozag.
   376 | D:2      | Found Gozag's Platinum Reserve.
   507 | D:2      | Reached XP level 3. HP: 6/26 MP: 5/9
   512 | D:2      | Learned a level 3 spell: Vampiric Draining
   592 | D:3      | Noticed medis's ghost (amateur HaSk)
  1560 | D:5      | Entered Level 5 of the Dungeon
  1560 | D:5      | Noticed a centaur
  1568 | D:5      | Killed a centaur
  1568 | D:5      | Reached skill level 5 in Necromancy
  1568 | D:5      | Reached XP level 4. HP: 19/33 MP: 6/11
  1573 | D:5      | Learned a level 3 spell: Regeneration
  1577 | D:5      | Learned a level 1 spell: Animate Skeleton
  1593 | D:5      | Noticed Menkaure
  1673 | D:5      | Reached XP level 5. HP: 34/38 MP: 12/12
  1847 | D:5      | Noticed an ogre
  1848 | D:5      | Found a sand-covered staircase.
  1972 | Ossuary  | Entered an ossuary
  2196 | Ossuary  | Reached XP level 6. HP: 41/45 MP: 9/13
  2381 | D:5      | Killed Menkaure
  2486 | D:5      | Noticed a water moccasin
  2496 | D:5      | Killed a water moccasin
  2496 | D:5      | Reached XP level 7. HP: 33/50 MP: 14/14
  2591 | D:5      | Identified the +1 cloak "Leloutokh" {rPois MR- SInv} (You found it on level 5 of the Dungeon)
  2623 | D:5      | Noticed Edmund
  2633 | D:5      | Killed Edmund
  2645 | D:5      | Found an ancient bone altar of Kikubaaqudgha.
  2986 | D:6      | Reached skill level 1 in Fighting
  2986 | D:6      | Reached skill level 1 in Armour
  3108 | D:6      | Found a staircase to the Ecumenical Temple.
  3135 | D:6      | Reached XP level 8. HP: 60/61 MP: 8/15
  3191 | D:6      | Noticed Eustachio
  3202 | D:6      | Upgraded the game from 0.22-a0-303-g4a852b3 to 0.22-a0-305-gd21a89c
  3208 | D:6      | Killed Eustachio
  3541 | D:7      | Found an iron altar of Okawaru.
  3588 | D:7      | Noticed a hippogriff
  3602 | D:7      | Killed a hippogriff
  3728 | D:7      | Found a glowing golden altar of the Shining One.
  3751 | D:7      | Noticed Pikel
  3774 | D:7      | Killed Pikel
  3774 | D:7      | Reached skill level 5 in Dodging
  3774 | D:7      | Reached XP level 9. HP: 43/72 MP: 11/16
  4023 | D:8      | Reached skill level 5 in Fighting
  4032 | D:8      | Reached skill level 5 in Armour
  4162 | D:8      | Found a burning altar of Makhleb.
  4190 | D:8      | Got an iridescent spear
  4192 | D:8      | Identified the +6 spear of the Vanishing Friends {flame, Int+3} (You found it on level 8 of the Dungeon)
  4354 | D:9      | Noticed Erica
  4515 | D:9      | Noticed Erolcha
  4522 | D:9      | Killed Erolcha
  4532 | D:9      | Learned a level 2 spell: Sublimation of Blood
  4544 | D:9      | Got a distressingly furry buckler
  4545 | D:9      | Identified the +1 buckler of a wizard's laboratory {rC+++ Int+4 Dex-5} (You found it on level 9 of the Dungeon)
  4845 | D:9      | Reached skill level 1 in Shields
  4874 | D:9      | Reached XP level 10. HP: 69/83 MP: 13/17
  5051 | D:9      | Learned a level 4 spell: Animate Dead
  5244 | D:9      | Killed Erica
  5244 | D:9      | Reached skill level 5 in Unarmed Combat
  5454 | D:10     | Entered Level 10 of the Dungeon
  6058 | D:10     | Found a staircase to the Orcish Mines.
  6511 | D:12     | Noticed a cyclops
  6603 | D:12     | You fall through a shaft!
  6716 | D:13     | Reached XP level 11. HP: 67/89 MP: 19/19
  6728 | D:13     | Noticed a two-headed ogre
  6878 | D:13     | Killed a two-headed ogre
  6961 | D:13     | Noticed Rupert
  7099 | D:13     | Reached skill level 1 in Evocations
  7393 | D:13     | Noticed Urug
  7470 | D:13     | Killed Urug
  7568 | D:13     | Noticed Maurice
  7609 | D:13     | Killed Maurice
  7628 | D:13     | Reached skill level 5 in Evocations
  7692 | D:13     | Got a blackened crystal plate armour
  7829 | D:13     | Got an opalescent robe
  7971 | D:13     | Noticed an orc warlord
  8012 | D:13     | Found an iron altar of Okawaru.
  8015 | D:13     | Found the +3 pair of gauntlets of War {Slay+5}
  8027 | D:13     | Killed an orc warlord
  8027 | D:13     | Reached skill level 5 in Spellcasting
  8075 | D:13     | Identified the +0 robe of the Forest {Int+7} (You found it on level 13 of the Dungeon)
  8085 | D:13     | Identified the +1 crystal plate armour of Fun and Games {rPois Dex+4} (You took it off an orc warrior on level 13 of the Dungeon)
  8198 | D:12     | Noticed Snorg
  8256 | D:12     | Reached skill level 1 in Long Blades
  8272 | D:12     | HP: 4/89 [poisoned by a redback]
  8277 | D:12     | HP: 3/89 [poisoned by a redback]
  8282 | D:12     | HP: 4/89 [poisoned by a redback]
  8339 | D:12     | Reached skill level 2 in Long Blades
  8403 | D:12     | Killed Snorg
  8403 | D:12     | Reached skill level 3 in Long Blades
  8588 | D:12     | Reached skill level 4 in Long Blades
  8646 | D:12     | Found a bloodstained altar of Trog.
  8699 | D:14     | Reached XP level 12. HP: 96/96 MP: 25/25
  8713 | D:14     | Reached skill level 5 in Long Blades
  8742 | D:14     | Found a labyrinth entrance.
  8746 | Lab      | Entered a labyrinth
  9064 | Lab      | Noticed a minotaur
  9096 | Lab      | Killed a minotaur
  9096 | Lab      | Reached skill level 6 in Long Blades
  9130 | Lab      | Identified the Tome of the Quantum Rocks
  9131 | Lab      | Got a dazzling plate armour
  9143 | Lab      | Identified the +9 plate armour of Relativism {rC+ Str+3 Dex+3 Stlth-} (You found it in a labyrinth)
  9181 | D:14     | Noticed a centaur warrior
  9202 | D:14     | Killed a centaur warrior
  9304 | D:14     | Reached skill level 7 in Long Blades
  9518 | D:14     | Found a sparkling altar of Nemelex Xobeh.
  9706 | D:15     | Entered Level 15 of the Dungeon
  9861 | D:15     | Reached skill level 8 in Long Blades
 10273 | Orc:1    | Entered Level 1 of the Orcish Mines
 10304 | D:10     | Reached skill level 9 in Long Blades
 10451 | Orc:2    | Entered Level 2 of the Orcish Mines
 10497 | Orc:1    | Reached XP level 13. HP: 91/102 MP: 27/27
 10638 | Orc:2    | Paralysed by an orc sorcerer for 6 turns
 11085 | Orc:1    | You fall through a shaft!
 11085 | Orc:2    | Found a staircase to the Elven Halls.
 11094 | Orc:2    | Found Emaga's Weapon Emporium.
 11094 | Orc:2    | Found Adghaamo's Food Shop.
 11135 | Orc:2    | Reached skill level 10 in Long Blades
 11321 | Orc:2    | Paralysed by an orc sorcerer for 3 turns
 11325 | Orc:2    | Found a roughly hewn altar of Beogh.
 11337 | Orc:2    | Paralysed by an orc sorcerer for 5 turns
 11390 | Orc:2    | Noticed Sonja
 11394 | Orc:2    | Killed Sonja
 11414 | Orc:2    | Found Loan's Food Emporium.
 11414 | Orc:2    | Found Kaem's Jewellery Shop.
 11442 | Orc:2    | Reached skill level 11 in Long Blades
 11597 | Elf:1    | Entered Level 1 of the Elven Halls
 11742 | Elf:1    | Found a radiant altar of Vehumet.
 11877 | Elf:1    | Found Pesicke's Magic Scroll Shoppe.
 12048 | Elf:2    | Found a ruined gateway.
 12167 | Desolati | Entered the Desolation of Salt
 12231 | Desolati | Reached skill level 12 in Long Blades
 12386 | Desolati | Reached XP level 14. HP: 93/110 MP: 23/28
 12492 | Desolati | Reached skill level 10 in Armour
 12941 | Elf:2    | Reached skill level 13 in Long Blades
 13039 | Elf:2    | HP: 1/110 [deep elf mage/bolt of lightning (42)]
 13042 | Elf:2    | Killed from afar by a deep elf mage

Vault maps used:
D:1:      sevenhm_arrival_forest_fort_large_3
D:2:      nicolae_gozag_zags_fifth_avenue
D:3:      grunt_temple_overflow_diamond, serial_curves, eino_curves_04,
          eino_curves_01
D:5:      lemuel_round_altar, first_ration, enter_ossuary_3, uniq_menkaure,
          uniq_edmund
D:6:      minmay_temple_entry_large_hall, uniq_eustachio
D:7:      tso_metal_star, kennysheep_okawaru_gauntlet, uniq_pikel
D:8:      makhleb_grotto_becter, serial_curves, eino_curves_02, eino_curves_01,
          eino_curves_02
D:9:      special_room, uniq_erica, uniq_erolcha
D:10:     david_lair_shrubbed, zombieorc2_lemuel
D:11:     hangedman_fish_farm
D:12:     basic_altar, interstate_on_off, spider_trap, uniq_snorg
D:13:     evilmike_iron_armoury, david_vaults_5, serial_ice, serial_ice_l,
          serial_ice_n, serial_ice_e, serial_ice_a, serial_ice_f, serial_ice_c,
          hangedman_decor_slide_cut, uniq_rupert, uniq_maurice, uniq_urug
D:14:     lab_entry_generic, basic_altar, minmay_strange_pillars
D:15:     gammafunk_depths_entry_grave, nicolae_twisting_strands,
          serial_co_window_serial, co_window_paths_a, co_window_paths_b,
          co_window_of_opportunity_a, co_window_corner_a, co_window_paths_a,
          co_window_broadway_c, co_window_corner_cb, co_window_corner_cb,
          co_window_of_opportunity_b, co_window_corner_b, glass_columns_b,
          glass_columns_a, glass_columns_a, glass_columns_b, glass_columns_a
Orc:1:    basic_altar
Orc:2:    st_orc_town, uniq_sonja
Elf:1:    eino_elf_arrival_altar, serial_shops, shop_statue,
          minmay_elf_demonology
Elf:2:    portal_desolation_entry_twin_temple, evilmike_surprise_oklob,
          uniq_azrael
Lab:      labyrinth_spiral
Ossuary:  ossuary_tomb_3

Skill      XL: |  1  2  3  4  5  6  7  8  9 10 11 12 13 14 |
---------------+-------------------------------------------+-----
Spellcasting   | 2 3 6 7 |  7.0
Necromancy     | 4 5 6 7 8 |  8.5
Fighting       | 2 4 6 |  6.0
Armour         | 2 4 6 7 9 10 | 10.4
Dodging        | 2 5 6 |  6.0
Unarmed Combat | 3 8 9 |  9.0
Shields        | 1 4 |  4.0
Evocations     | 5 |  5.0
Long Blades    | 4 9 12 13 | 13.1
Stealth        | |  1.7

Action                   |  1- 3 |  4- 6 |  7- 9 | 10-12 | 13-15 || total
-------------------------+-------+-------+-------+-------+-------++-------
Melee: Unarmed           |    10 |       |       |       |       ||    10
       Dagger            |     6 |   104 |   213 |     4 |       ||   327
       Spear             |       |       |   144 |   599 |       ||   743
       Demon blade       |       |       |       |   314 |   637 ||   951
 Cast: Pain              |    53 |       |       |       |       ||    53
       Vampiric Draining |    13 |     4 |    27 |    78 |    25 ||   147
       Animate Skeleton  |       |     2 |     9 |       |       ||    11
       Regeneration      |       |    18 |     9 |    30 |    46 ||   103
       Animate Dead      |       |       |       |    33 |    11 ||    44
       Sublimation of Bl |       |       |       |       |     4 ||     4
Evoke: Wand              |       |       |     8 |    23 |     1 ||    32
       Lightning rod     |       |       |       |     9 |     2 ||    11
  Use: Scroll            |       |    15 |     6 |    19 |     6 ||    46
       Potion            |       |     5 |       |     2 |     4 ||    11
 Stab: Sleeping          |     1 |       |     7 |       |       ||     8
       Paralysed         |       |       |     3 |    23 |     2 ||    28
       Distracted        |       |       |     1 |     2 |     1 ||     4
       Confused          |       |       |       |     2 |       ||     2
  Eat: Chunk             |     4 |     1 |     8 |    13 |     7 ||    33
       Ration            |       |     2 |       |     5 |     2 ||     9
Armor: Robe              |    76 |    18 |    43 |     8 |       ||   145
       Skin              |       |     3 |       |     2 |       ||     5
       Ring mail         |       |       |    35 |   175 |       ||   210
       Troll leather arm |       |       |       |    51 |   119 ||   170
       Plate armour      |       |       |       |   157 |   244 ||   401
Dodge: Dodged            |   117 |    51 |   234 |   467 |   244 ||  1113
Block: Buckler           |       |       |    21 |   267 |   184 ||   472
       Rpst.: Demon blade |       |       |       |    35 |    68 ||   103

Table legend:
 A = Spawn XP
 B = Non-spawn XP
 C = Spawn XP percentage of total XP
 D = Spawn monster count
 E = Non-spawn monster count
 F = Spawn count percentage of total count
 G = Total turns spent on level
                    A         B        C        D         E        F      G
               +---------+---------+-------+---------+---------+-------+---------
         Total |       0 |   90206 |   0.0 |       0 |     558 |   0.0 | 13042
               +---------+---------+-------+---------+---------+-------+---------
           D:1 |       0 |      33 |   0.0 |       0 |      17 |   0.0 |   287
           D:2 |       0 |      30 |   0.0 |       0 |      14 |   0.0 |   700
           D:3 |       0 |      21 |   0.0 |       0 |      11 |   0.0 |   295
           D:4 |       0 |      46 |   0.0 |       0 |       2 |   0.0 |   355
           D:5 |       0 |     891 |   0.0 |       0 |      18 |   0.0 |   659
           D:6 |       0 |    1225 |   0.0 |       0 |      25 |   0.0 |   653
           D:7 |       0 |    1577 |   0.0 |       0 |      12 |   0.0 |   522
           D:8 |       0 |     567 |   0.0 |       0 |      13 |   0.0 |   494
           D:9 |       0 |    4353 |   0.0 |       0 |      59 |   0.0 |  1087
          D:10 |       0 |    4135 |   0.0 |       0 |      67 |   0.0 |   757
          D:11 |       0 |     896 |   0.0 |       0 |      14 |   0.0 |   487
          D:12 |       0 |    4990 |   0.0 |       0 |      28 |   0.0 |   535
          D:13 |       0 |    8325 |   0.0 |       0 |      38 |   0.0 |  1652
          D:14 |       0 |    8357 |   0.0 |       0 |      21 |   0.0 |   638
          D:15 |       0 |    7653 |   0.0 |       0 |      24 |   0.0 |   412
         Orc:1 |       0 |    2550 |   0.0 |       0 |      25 |   0.0 |   280
         Orc:2 |       0 |   13498 |   0.0 |       0 |      97 |   0.0 |   984
         Elf:1 |       0 |    6649 |   0.0 |       0 |      12 |   0.0 |   403
         Elf:2 |       0 |   11101 |   0.0 |       0 |      18 |   0.0 |   643
           Lab |       0 |    1208 |   0.0 |       0 |       1 |   0.0 |   398
       Ossuary |       0 |     182 |   0.0 |       0 |      16 |   0.0 |   402
    Desolation |       0 |   11919 |   0.0 |       0 |      26 |   0.0 |   399
               +---------+---------+-------+---------+---------+-------+---------
